 Dungeon Crawl Stone Soup version 0.19.0-22-gd96e5fe (webtiles) character file.

125 dobroeutro the Chopper (level 4, -11/35 HPs)
             Began as a Demonspawn Berserker on Nov 19, 2016.
             Was a Believer of Trog.
             Killed from afar by smedtjen's ghost (13 damage)
             ... with a flame tongue
             ... on level 4 of the Dungeon.
             The game lasted 00:03:10 (2482 turns).

dobroeutro the Chopper (Demonspawn Berserker)       Turns: 2482, Time: 00:03:11

Health: -11/35     AC:  7    Str: 24    XL:     4   Next: 82%
Magic:  4/4        EV: 10    Int:  8    God:    Trog [**....]
Gold:   151        SH:  0    Dex: 12    Spells: 0 memorised, 3 levels left

rFire  . . .     SeeInvis .     o - +0 war axe
rCold  . . .     Gourm    .     h - +0 scale mail
rNeg   . . .     Faith    .     (no shield)
rPois  .         Spirit   .     r - +0 helmet
rElec  .         Reflect  .     (no cloak)
rCorr  .         Harm     .     (no gloves)
MR     .....                    (no boots)
Stlth  ..........               (no amulet)
                                j - +5 ring of strength
                                (no ring)

@: exhausted, slowed, very slow
A: powered by pain 1, rot immunity
a: Berserk, Trog's Hand, Burn Spellbooks, Renounce Religion


You were on level 4 of the Dungeon.
You worshipped Trog.
Trog was pleased with you.
You were near starving.

You visited 1 branch of the dungeon, and saw 4 of its levels.

You collected 151 gold pieces.

Inventory:

Hand Weapons
 o - a +0 war axe (weapon)
Armour
 h - a +0 scale mail (worn)
 r - a +0 helmet (worn)
Jewellery
 j - a +5 ring of strength (right hand)
 k - an uncursed ring of resist corrosion
 m - an uncursed ring of fire
Scrolls
 f - 6 scrolls of identify {unknown}
 i - a scroll of fog {unknown}
 l - a scroll of teleportation {unknown}
 s - a scroll of remove curse {unknown}
 t - a scroll of magic mapping {unknown}
Potions
 b - a potion of mutation {unknown}
 d - a potion of cancellation {unknown}
 e - 5 potions of heal wounds {unknown}
 g - a potion of curing {unknown}
 n - a potion of magic {unknown}
 q - 3 potions of might {unknown}
Comestibles
 a - 2 fruits
 c - 3 bread rations
 p - a beef jerky


   Skills:
 - Level 3.0 Fighting
 + Level 5.1 Axes
 - Level 1.7 Armour
 - Level 1.7 Dodging


You had 3 spell levels left.
You didn't know any spells.

Dungeon Overview and Level Annotations

Branches:
Dungeon (4/15)
 Temple: D:4-7

Altars:

Annotations:
D:4 smedtjen's ghost, amateur HEFE


Innate Abilities, Weirdness & Mutations

You sometimes gain a little power by taking damage.
You are immune to rotting.


Message History

The adder closely misses you.
You slash the adder!
You kill the adder!
Trog accepts your kill.
You hit smedtjen's ghost. Smedtjen's ghost hits you!
You barely miss smedtjen's ghost.
Smedtjen's ghost is moderately damaged.
Smedtjen's ghost hits you.
You are electrocuted!
* * * LOW HITPOINT WARNING * * *
You are too injured to fight recklessly!
You are too injured to fight recklessly!
You are too injured to fight recklessly!
Unknown command.
You feel a strong urge to attack something.
You feel your anger subside.
You are no longer berserk.
You are exhausted.
You feel yourself slow down.
Smedtjen's ghost points at you and mumbles some strange words.
The flame tongue hits you!
You die...

.# #..
....#.†##########
.................
.......#.########
##.##.##.##
.........####
#.##.....W..# #
#........#
..........@.#
#####............#
#..[....######
#.......#
#.......#
#########


You could see smedtjen's ghost.

Vanquished Creatures
  The ghost of puimuR the Chopper, a weakling HOMo (D:3)
  3 gnolls (D:3)
  An adder (D:4)
  3 worms
  A dart slug (D:1)
  2 leopard geckos
  3 orcs (D:3)
  10 bats
  A giant cockroach (D:3)
  4 goblins (D:1)
  6 hobgoblins
  7 jackals
  2 frilled lizards
  5 kobolds
  9 rats
58 creatures vanquished.

Notes
Turn   | Place    | Note
-------+----------+-------------------------------------------
     0 | D:1      | dobroeutro the Demonspawn Berserker began the quest for the Orb.
     0 | D:1      | Reached XP level 1. HP: 18/18 MP: 1/1
   223 | D:1      | Reached skill level 3 in Axes
   269 | D:1      | Gained mutation: You are immune to rotting. [demonic ancestry]
   269 | D:1      | Reached XP level 2. HP: 11/24 MP: 2/2
  1028 | D:1      | Gained mutation: You sometimes gain a little power by taking damage. [demonic ancestry]
  1028 | D:1      | Reached XP level 3. HP: 26/29 MP: 3/3
  1292 | D:2      | Reached ** piety under Trog
  1322 | D:2      | Reached skill level 4 in Axes
  1781 | D:3      | Noticed puimuR's ghost (weakling HOMo)
  1787 | D:3      | Killed puimuR's ghost
  1862 | D:3      | Found a faded altar of an unknown god.
  1877 | D:3      | Reached XP level 4. HP: 31/35 MP: 4/4
  2283 | D:3      | Reached skill level 5 in Axes
  2468 | D:4      | Noticed smedtjen's ghost (amateur HEFE)
  2475 | D:4      | HP: 2/52 [smedtjen's ghost (19)]
  2482 | D:4      | Killed from afar by smedtjen's ghost

Skill      XL: |  1  2  3  4 |
---------------+-------------+-----
Axes           | 3 4 5 |  5.1
Fighting       | |  3.0
Armour         | |  1.7
Dodging        | |  1.7

Action                   |  1- 3 |  4- 6 || total
-------------------------+-------+-------++-------
Melee: Hand axe          |   140 |       ||   140
       War axe           |     6 |    65 ||    71
Invok: Berserk           |     2 |     1 ||     3
  Eat: Chunk             |     5 |     1 ||     6
Armor: Animal skin       |     7 |       ||     7
       Scale mail        |    52 |    26 ||    78
Dodge: Dodged            |    90 |    49 ||   139
